 Dungeon Crawl Stone Soup version 0.29.1-4-g47bece8355 (webtiles) character file.

Game seed: 8077298710286226720

919 ChadusMaximus the Magician (level 7, -6/47 HPs)
             Began as a Mummy Necromancer on Dec 3, 2022.
             Killed from afar by a steam dragon (25 damage)
             ... with a ball of steam
             ... on level 6 of the Dungeon.
             The game lasted 00:26:22 (6393 turns).

ChadusMaximus the Magician (Mummy Necromancer)      Turns: 6393, Time: 00:26:23

Health: -6/47      AC:  5    Str: 11    XL:     7   Next: 83%
Magic:  16/18      EV: 12    Int: 17    God:
Gold:   425        SH:  0    Dex: 12    Spells: 16/21 levels left

rFire   x . .      SeeInvis .   f - +0 mace
rCold   + . .      Faith    .   (no shield)
rNeg    + + +      Spirit   .   a - +0 robe
rPois   ∞          Reflect  .   e - +0 helmet
rElec   .          Harm     .   b - +0 cloak
rCorr   .          Rampage  .   (no gloves)
Will    .....                   t - +0 pair of boots
Stlth   ++........              (no amulet)
HPRegen 0.15/turn               (no ring)
MPRegen 0.16/turn               (no ring)

@: animating dead
A: cold resistance 1, negative energy resistance 3, torment resistance 2, heat
vulnerability 1, in touch with death 1, no potions
a: no special abilities


You were on level 6 of the Dungeon.
You visited 2 branches of the dungeon, and saw 7 of its levels.

You collected 425 gold pieces.

Inventory:

Hand Weapons
 d - a +0 whip
 f - a +0 mace (weapon)
 m - a +0 war axe
 r - a +0 long sword
Missiles
 c - 15 boomerangs
Armour
 a - a +0 robe (worn)
 b - a +0 cloak (worn)
 e - a +0 helmet (worn)
 g - a +0 ring mail
 k - the +1 pair of boots of Depression {rElec Regen+ Int-2}
   (You found it on level 2 of the Dungeon)

   Int:       It affects your intelligence (-2).
   rElec:     It insulates you from electricity.
   Regen:     It increases your rate of health regeneration.
 n - a +0 kite shield
 t - a +0 pair of boots (worn)
Magical Staves
 s - a staff of cold
Jewellery
 v - an amulet of guardian spirit
 w - a +4 ring of slaying
Wands
 o - a wand of roots (7)
Scrolls
 h - 2 scrolls of immolation
 i - a scroll of fog {unknown}
 l - 7 scrolls of identify {unknown}
 p - 2 scrolls of teleportation {unknown}
 q - a scroll of torment {unknown}
 u - a scroll of amnesia {unknown}
Potions
 j - 2 potions of mutation {unknown}


   Skills:
 - Level 0.9 Fighting
 - Level 0.1 Axes
 - Level 0.5 Armour
 - Level 1.7 Dodging
 - Level 2.0 Stealth
 - Level 1.2 Shields
 + Level 7.6 Spellcasting
 + Level 7.1 Necromancy


You had 16 spell levels left.
You knew the following spells:

 Your Spells              Type           Power      Damage    Failure   Level
a - Necrotise             Necr           100%       1d9       1%          1
b - Animate Dead          Necr           46%        N/A       6%          4

Your spell library contained the following spells:

 Spells                   Type           Power      Damage    Failure   Level
 Vampiric Draining        Necr           46%        2d9       1%          3
 Poisonous Vapours        Pois/Air       12%        N/A       16%         2
 Agony                    Necr           46%        N/A       16%         5
 Corpse Rot               Necr/Pois/Air  21%        N/A       38%         4


Dungeon Overview and Level Annotations

Branches:
Dungeon (6/15)             Temple (1/1) D:4

Altars:
Cheibriados
Dithmenos
Fedhas
Gozag
Hepliaklqana
Nemelex Xobeh
Okawaru
Ru
Trog
Vehumet
Xom

Annotations:
D:6 1 runed translucent door, GorkyZ's ghost, novice GrFi


Innate Abilities, Weirdness & Mutations

You are immune to poison.
Your flesh is cold resistant. (rC+)
You are immune to negative energy. (rN+++)
You are immune to unholy pain and torment.
You are vulnerable to heat. (rF-)
You are in touch with the powers of death.
You do not drink.


Message History

The steam dragon bites you but does no damage.
The steam dragon closely misses you.
You hit the steam dragon but do no damage.
The steam dragon bites you. The steam dragon claws you.
Your adder zombie closely misses the steam dragon.
The steam dragon breathes steam at you. The ball of steam misses you.
Your adder zombie bites the steam dragon but does no damage.
You hit the steam dragon.
The steam dragon is lightly wounded.
You are engulfed in a cloud of scalding steam.
Your adder zombie bites the steam dragon but does no damage.
The steam dragon barely misses you. The steam dragon closely misses you.
You sock the steam dragon!
The steam dragon is moderately wounded.
Your adder zombie is engulfed in a cloud of scalding steam.
Your adder zombie bites the steam dragon but does no damage.
The steam dragon bites you. The steam dragon claws you.
Your adder zombie is engulfed in a cloud of scalding steam.
Your adder zombie barely misses the steam dragon.
The steam dragon bites you. The steam dragon claws you.
You hit the steam dragon.
The steam dragon is heavily wounded.
Your adder zombie bites the steam dragon.
The steam dragon closely misses you.
The steam dragon claws you but does no damage.
You hit the steam dragon but do no damage.
The steam dragon is heavily wounded.
Your adder zombie bites the steam dragon.
The steam dragon barely misses you.
The steam dragon claws you but does no damage.
Your adder zombie closely misses the steam dragon.
You sock the steam dragon!
The steam dragon is almost dead.
The steam dragon bites you. The steam dragon claws you.
Your adder zombie bites the steam dragon.
The steam dragon breathes steam at you. The ball of steam hits you!!
The steam scalds you terribly!
Ouch! That really hurt!
You die...

....#############'##
......)............#
...................#
...................#
...................#
...................#
...................#
###'################
..#.............@.#
..#.............ZD#
..#...............#
..#...............#
..#...............#
.###..####...##.>.#
.###..# ######...#
...#... ....# ...#


You could see a steam dragon (catching breath, ally target) and a friendly adder
zombie.

Vanquished Creatures
  A wyvern (D:5)
  2 black bears
  Blork the orc (D:6)
  2 scorpions (D:4)
  A howler monkey (D:5)
  4 hounds
  2 iguanas
  4 gnolls (D:4)
  6 adders
  A white imp (D:6)
  An ufetubus (D:4)
  9 orcs (D:4)
  8 endoplasms
  3 giant cockroaches
  6 goblins
  7 hobgoblins
  6 kobolds
  4 quokkas
  7 ball pythons
  2 bats
  4 frilled lizards
  6 rats
87 creatures vanquished.

Vanquished Creatures (collateral kills)
  An adder (D:3)
  A rat (D:2)
2 creatures vanquished.

Vanquished Creatures (others)
  A hound zombie (D:5)
1 creature vanquished.

Grand Total: 90 creatures vanquished

Notes
Turn   | Place    | Note
-------+----------+-------------------------------------------
     0 | D:1      | ChadusMaximus the Mummy Necromancer began the quest for the
                  | Orb.
     0 | D:1      | Reached XP level 1. HP: 13/13 MP: 4/4
   564 | D:1      | Reached XP level 2. HP: 19/19 MP: 1/5
  1301 | D:2      | Gained mutation: You are in touch with the powers of death.
                  | [Mummy growth]
  1301 | D:2      | Reached XP level 3. HP: 24/24 MP: 0/7
  1447 | D:2      | Identified the +1 pair of boots of Depression {rElec Regen+
                  | Int-2}
  1594 | D:2      | Found a faded altar of an unknown god.
  2097 | D:3      | Reached XP level 4. HP: 30/30 MP: 7/9
  2321 | D:3      | Found a bloodstained altar of Trog.
  2399 | D:3      | Reached skill level 5 in Necromancy
  2646 | D:3      | Found a snail-covered altar of Cheibriados.
  3203 | D:4      | Reached skill level 1 in Shields
  3484 | D:4      | Noticed a black bear
  3616 | D:4      | Noticed a scorpion
  3622 | D:4      | Killed a scorpion
  3623 | D:4      | Reached XP level 5. HP: 36/36 MP: 4/11
  3818 | D:4      | Reached skill level 5 in Spellcasting
  3921 | D:4      | Learned a level 4 spell: Animate Dead
  3952 | D:4      | Found a staircase to the Ecumenical Temple.
  3973 | D:4      | Reached XP level 6. HP: 42/42 MP: 2/13
  4095 | Temple   | Entered the Ecumenical Temple
  4973 | D:5      | Entered Level 5 of the Dungeon
  5152 | D:5      | Found a shadowy altar of Dithmenos.
  5264 | D:5      | Reached XP level 7. HP: 47/47 MP: 11/16
  5272 | D:5      | Identified the +6 spear "Demi Renk" {venom, rPois}
  5602 | D:5      | Noticed a wyvern
  5609 | D:5      | Killed a wyvern
  6084 | D:6      | Found a runed translucent door.
  6086 | D:6      | Noticed a two-headed ogre
  6086 | D:6      | Noticed GorkyZ's ghost (novice GrFi)
  6136 | D:6      | Noticed Blork the orc
  6148 | D:6      | Killed Blork the orc
  6381 | D:6      | Noticed a steam dragon
  6393 | D:6      | Killed from afar by a steam dragon

Illustrated notes

Levels and vault maps discovered:
D:1:      giann_horns, layout_loops_ring, minmay_statues_item, hex_tiny,
          minmay_misc_feat_pillars
D:2:      layout_basic, shapermc_ecumenical_altar_notcrosses
D:3:      layout_loops_ring, amcnicky_altar_gilded, mainiacjoe_overflow_alcove_1
D:4:      layout_loops_corners, minmay_temple_entry_slanted,
          minmay_tree_intersection
D:5:      layout_basic, grunt_qazlal_sundering, nicolae_dithmenos_the_darkroom,
          mainiacjoe_overflow_swirl, uniq_duvessa
D:6:      layout_gridville, ebering_ghost_inner_flame, uniq_blork_the_orc
Temple:   nicolae_temple_two_arcs

Skill      XL: |  1  2  3  4  5  6  7 |
---------------+----------------------+-----
Spellcasting   | 3 4 5 6 7 |  7.6
Stealth        | 2 |  2.0
Necromancy     | 5 6 7 |  7.1
Shields        | 1 |  1.2
Fighting       | |  0.9
Axes           | |  0.1
Armour         | |  0.5
Dodging        | |  1.7

Action                   |  1- 3 |  4- 6 |  7- 9 || total
-------------------------+-------+-------+-------++-------
Melee: Unarmed           |     4 |       |       ||     4
       War axe           |     2 |    12 |       ||    14
       Mace              |       |       |    18 ||    18
 Cast: Necrotise         |    60 |   104 |    34 ||   198
       Animate Dead      |       |     2 |     5 ||     7
Armor: Robe              |     4 |     1 |    15 ||    20
       Ring mail         |     2 |    13 |       ||    15
Dodge: Dodged            |     9 |    20 |    27 ||    56
Block: Kite shield       |     1 |    20 |       ||    21
